 Dungeon Crawl Stone Soup version 0.26.0-10-g1f06aea511 (webtiles) character file.

Game seed: 8464348065026922389

2102 Borgoz the Slasher (level 9, -1/75 HPs)
             Began as a Ghoul Gladiator on Jan 30, 2021.
             Was a Follower of Dithmenos.
             Slain by Harold
             ... wielding a +0 glaive
              (2 damage)
             ... while paralysed
             ... on level 7 of the Dungeon.
             The game lasted 00:15:11 (7324 turns).

Borgoz the Slasher (Ghoul Gladiator)                Turns: 7324, Time: 00:15:11

Health: -1/75      AC: 12    Str: 16 (18) XL:     9   Next: 28%
Magic:  8/8        EV:  2    Int: -2 (3)  God:    Dithmenos [*.....]
Gold:   340        SH:  0    Dex: 17 (19) Spells: 8/8 levels left

rFire    . . .     SeeInvis .   d - +2 dagger (venom)
rCold    + + .     Faith    .   (no shield)
rNeg     + + +     Spirit   .   j - +4 ring mail {rC+}
rPois    ∞         Reflect  .   c - +0 helmet
rElec    .         Harm     .   (no cloak)
rCorr    +         Rampage  .   b - +0 pair of gloves
Will     .....                  (no boots)
Stlth    +.........             (no amulet)
HPRegen  0.00/turn              k - +6 ring of dexterity
MPRegen  0.11/turn              s - ring of resist corrosion

@: paralysed, brilliant, attractive, flying, slowed, lost intelligence, wreathed
by umbra
A: claws 1, cold resistance 1, negative energy resistance 3, inhibited
regeneration, torment resistance, unbreathing
a: Renounce Religion


You were on level 7 of the Dungeon.
You worshipped Dithmenos.
Dithmenos was aware of your devotion.
You visited 2 branches of the dungeon, and saw 8 of its levels.

You collected 368 gold pieces.
You spent 28 gold pieces at shops.

Inventory:

Hand Weapons
 a - a +0 long sword
 d - a +2 dagger of venom (weapon)
Missiles
 i - a throwing net (quivered)
Armour
 b - a +0 pair of gloves (worn)
 c - a +0 helmet (worn)
 j - a +4 ring mail of cold resistance (worn)
 v - a +2 chain mail of willpower
Jewellery
 k - a +6 ring of dexterity (left hand)
 s - a ring of resist corrosion (right hand)
 y - an uncursed ring of protection from fire
Scrolls
 e - a scroll of blinking
 g - a scroll of magic mapping {unknown}
 n - 2 scrolls of noise {unknown}
 q - 2 scrolls of teleportation
 t - 2 scrolls of amnesia {unknown}
 u - 4 scrolls of remove curse
 w - a scroll of random uselessness {unknown}
 z - a scroll of enchant armour {unknown}
 A - a scroll of identify
Potions
 f - 3 potions of attraction
 h - a potion of cancellation {unknown}
 l - 2 potions of flight
 p - 2 potions of degeneration
 r - 3 potions of haste
 x - 2 potions of resistance


   Skills:
 + Level 5.8 Fighting
 * Level 6.9 Long Blades
 - Level 1.7 Throwing
 * Level 6.1 Armour
 + Level 5.1 Dodging


You had 8 spell levels left.
You didn't know any spells.
Your spell library contained the following spells:

 Spells                   Type           Power        Failure   Level
 Freeze                   Ice            0%           78%         1
 Magic Dart               Conj           0%           78%         1
 Blink                    Tloc           N/A          89%         2
 Call Imp                 Summ           0%           89%         2
 Slow                     Hex            0%           89%         2
 Conjure Flame            Conj/Fire      0%           98%         3
 Frozen Ramparts          Ice            0%           98%         3
 Mephitic Cloud           Conj/Pois/Air  0%           98%         3
 Ozocubu's Armour         Ice            0%           98%         3
 Hailstorm                Conj/Ice       0%           100%        4
 Summon Ice Beast         Ice/Summ       0%           100%        4


Dungeon Overview and Level Annotations

Branches:
Dungeon (7/15)             Temple (1/1) D:5

Altars:
Dithmenos
Elyvilon
Fedhas
Hepliaklqana
Makhleb
Nemelex Xobeh
Okawaru
Qazlal
Ru
Sif Muna
Uskayaw
Vehumet
Yredelemnul
Zin
The Shining One

Shops:
D:5 *

Annotations:
D:6 3 runed translucent doors, IHuginn's ghost, novice OpBr
D:7 Harold; Menkaure


Innate Abilities, Weirdness & Mutations

You thrive by killing the living.
You are immune to poison.
You have sharp fingernails.
Your flesh is cold resistant. (rC+)
You are immune to negative energy. (rN+++)
You do not regenerate when monsters are visible.
You are immune to unholy pain and torment.
You can survive without breathing.


Message History

Menkaure hits you.
Harold hits you from afar with a +0 glaive!!
* * * LOW HITPOINT WARNING * * *
It was a potion of mutation.
You feel extremely strange.
Your body decomposes!
You feel dopey.
Your body decomposes!
You feel dopey.
Your body decomposes!
You feel clumsy. Menkaure closely misses you. Harold closely misses you.
It was a potion of degeneration.
There was something very wrong with that liquid.
You feel weakened.
You feel dopey.
You have lost your intelligence.
You feel clumsy.
The leopard gecko hisses menacingly.
Menkaure hits you!
* * * LOW HITPOINT WARNING * * *
Harold hits you from afar with a +0 glaive.
You die...

# .. ... .... .....
##################@Z....
................@MKK....
#####.#...########5K....
#.#.#.##...# .....
#)#.<........ ....
#.####....... ...
#<........... ..
######....... # .......
..#####


You could see Harold, a big kobold, Menkaure, an ufetubus, an adder zombie and 2
kobolds.

Vanquished Creatures
  Sigmund (D:2)
  Duvessa (D:4)
  An orc warrior (D:6)
  2 sky beasts (D:6)
  A black bear (D:6)
  3 phantoms
  3 centaurs
  3 bullfrogs (D:6)
  A wyvern skeleton (D:6)
  Dowan (D:4)
  A water moccasin skeleton (D:4)
  2 orc priests
  2 jellies
  Jessica (D:5)
  3 iguanas
  Terence (D:2)
  6 worker ants
  5 adders
  3 gnolls (D:5)
  A shadow imp (D:6)
  2 white imps (D:6)
  3 oozes
  3 adder skeletons
  3 worms
  2 dart slugs
  5 leopard geckos
  10 orcs
  4 bats
  8 giant cockroaches
  5 goblins
  9 hobgoblins
  23 jackals
  4 quokkas
  2 ball pythons
  5 frilled lizards
  A jackal zombie (D:6)
  6 kobolds
  8 rats
145 creatures vanquished.

Vanquished Creatures (others)
  A plant (D:2)
1 creature vanquished.

Grand Total: 146 creatures vanquished

Notes
Turn   | Place    | Note
-------+----------+-------------------------------------------
     0 | D:1      | Borgoz the Ghoul Gladiator began the quest for the Orb.
     0 | D:1      | Reached XP level 1. HP: 17/17 MP: 0/0
    40 | D:1      | Reached XP level 2. HP: 22/25 MP: 1/1
    81 | D:1      | Reached skill level 1 in Armour
   293 | D:1      | Reached XP level 3. HP: 30/30 MP: 2/2
   750 | D:2      | Noticed Sigmund
   760 | D:2      | Killed Sigmund
   761 | D:2      | Reached XP level 4. HP: 22/38 MP: 3/3
   761 | D:2      | Reached XP level 5. HP: 26/45 MP: 4/4
  1194 | D:2      | Noticed Terence
  1213 | D:2      | Killed Terence
  1214 | D:2      | Reached XP level 6. HP: 31/51 MP: 5/5
  1766 | D:2      | Found a stormy altar of Qazlal.
  2196 | D:3      | Found a glowing golden altar of the Shining One.
  2393 | D:3      | Reached XP level 7. HP: 58/58 MP: 6/6
  2513 | D:4      | Noticed Dowan
  2513 | D:4      | Noticed Duvessa
  2540 | D:4      | Killed Duvessa
  2553 | D:4      | Killed Dowan
  2898 | D:4      | Reached skill level 5 in Long Blades
  3063 | D:4      | Found a radiant altar of Vehumet.
  3650 | D:5      | Entered Level 5 of the Dungeon
  3651 | D:5      | Found a staircase to the Ecumenical Temple.
  3661 | Temple   | Entered the Ecumenical Temple
  3768 | Temple   | Became a worshipper of Dithmenos the Shadowed
  4291 | D:5      | Found Hoempein's General Store.
  4298 | D:5      | Bought a scroll of identify for 28 gold pieces
  4626 | D:5      | Reached XP level 8. HP: 41/67 MP: 7/7
  5398 | D:5      | Found a sparkling altar of Nemelex Xobeh.
  5398 | D:5      | Noticed Jessica
  5409 | D:5      | Killed Jessica
  5765 | D:6      | Found a runed translucent gate.
  5765 | D:6      | Found a runed translucent gate.
  5765 | D:6      | Found a runed translucent gate.
  5766 | D:6      | Noticed IHuginn's ghost (novice OpBr)
  5830 | D:6      | Reached skill level 5 in Armour
  5895 | D:6      | Reached skill level 5 in Fighting
  6486 | D:6      | Reached XP level 9. HP: 61/74 MP: 8/8
  6658 | D:6      | Reached skill level 5 in Dodging
  6662 | D:6      | Reached * piety under Dithmenos
  7312 | D:7      | Noticed Menkaure
  7314 | D:7      | Noticed Harold
  7323 | D:7      | Lost intelligence.
  7323 | D:7      | HP: 1/75 [Menkaure (11)]
  7324 | D:7      | Slain by Harold

Illustrated notes

Levels and vault maps discovered:
D:1:      lemuel_arrival_room, layout_basic, minmay_misc_feat_tiny,
          amcnicky_mini_corridor_feature, kennysheep_decorative_pillar
D:2:      layout_rooms, nicolae_qazlal_eye_of_the_storm, serial_forest,
          infiniplex_forest_lined_3_way, infiniplex_forest_zigzag_2,
          infiniplex_forest_lined_1, infiniplex_forest_clump_diagonal,
          infiniplex_forest_clump_double, infiniplex_forest_lined_ring,
          infiniplex_forest_lined_room_, infiniplex_forest_clump_diagonal,
          uniq_sigmund, uniq_terence
D:3:      layout_rooms, general_overflow_altar
D:4:      layout_layer_cave, lemuel_crystal_altar, uniq_duvessa
D:5:      layout_loops_ring, minmay_temple_entry_large_hall, serial_shops,
          nicolae_shop_crystal, kennysheep_cluttered_room,
          corexii_hall_statues_t, nemelex_lonely_heart_becter
D:6:      layout_basic, gammafunk_ghost_split
D:7:      layout_basic, lemuel_zombie_altar_kikubaaqudgha, minmay_manual_mares,
          uniq_harold, uniq_menkaure
Temple:   minmay_temple_bridge_abc

Skill      XL: |  1  2  3  4  5  6  7  8  9 |
---------------+----------------------------+-----
Long Blades    | 3 4 5 6 |  6.9
Armour         | 1 2 3 4 5 6 |  6.1
Fighting       | 3 4 5 |  5.8
Dodging        | 3 4 5 |  5.1
Throwing       | |  1.7

Action                   |  1- 3 |  4- 6 |  7- 9 || total
-------------------------+-------+-------+-------++-------
Melee: Long sword        |    82 |   182 |   233 ||   497
       Dagger            |       |       |   156 ||   156
Throw: Throwing net      |     1 |     2 |     4 ||     7
  Use: Scroll            |       |     1 |     9 ||    10
       Potion            |       |       |     9 ||     9
 Stab: Held in net/web   |     1 |       |     3 ||     4
       Sleeping          |       |       |     1 ||     1
Armor: Leather armour    |    34 |    19 |       ||    53
       Ring mail         |       |    54 |   146 ||   200
Dodge: Dodged            |    84 |   166 |   264 ||   514
       Rpst.: Long sword |    24 |    48 |    41 ||   113
